 Dungeon Crawl Stone Soup version 0.28-a0-247-gb8bfbab023 (webtiles) character file.

Game seed: 3392087340376542574

6622 bande the Blocker (level 11, -5/66 HPs)
             Began as a Gargoyle Fighter on Aug 25, 2021.
             Was an Elder of Okawaru.
             Slain by a sun demon (19 damage)
             ... in a volcano.
             The game lasted 00:19:40 (10624 turns).

bande the Blocker (Gargoyle Fighter)               Turns: 10624, Time: 00:19:40

Health: -5/66      AC: 31    Str: 22    XL:     11   Next: 2%
Magic:  15/15      EV:  6    Int: 12    God:    Okawaru [****..]
Gold:   650        SH: 16    Dex: 10    Spells: 10/10 levels left

rFire   . . .      SeeInvis .   p - +0 hand axe (vamp)
rCold   . . .      Faith    .   c - +1 kite shield
rNeg    + . .      Spirit   .   s - +0 plate armour
rPois   ∞          Reflect  +   b - +2 hat {Int+3}
rElec   +          Harm     .   (no cloak)
rCorr   .          Rampage  .   j - +1 pair of gloves
Will    .....                   m - +0 pair of boots
Stlth   ..........              n - amulet of reflection
HPRegen 0.21/turn               f - +4 ring of slaying
MPRegen 0.14/turn               h - +4 ring of protection

@: no status effects
A: sickness immunity, AC +8, negative energy resistance 1, electricity
resistance, torment resistance 1, petrification resistance
a: Renounce Religion, Heroism, Finesse


You were in a volcano.
You worshipped Okawaru.
Okawaru was greatly pleased with you.
You visited 3 branches of the dungeon, and saw 10 of its levels.
You also visited: Volcano.

You collected 650 gold pieces.

Inventory:

Hand Weapons
 p - a +0 vampiric hand axe (weapon)
 t - a +1 broad axe of venom
 A - a +3 flail
Armour
 b - a +2 hat of intelligence (worn)
 c - a +1 kite shield (worn)
 j - a +1 pair of gloves (worn)
 l - a +0 helmet
 m - a +0 pair of boots (worn)
 s - a +0 plate armour (worn)
Jewellery
 f - a +4 ring of slaying (left hand)
 h - a +4 ring of protection (right hand)
 n - an amulet of reflection (around neck)
 y - a +6 ring of dexterity
 E - a ring of flight
Wands
 v - a wand of acid (6)
 w - a wand of flame (18)
Scrolls
 a - a scroll of blinking
 d - 2 scrolls of magic mapping
 e - 8 scrolls of teleportation
 r - a scroll of amnesia
 z - 2 scrolls of identify
 C - a scroll of enchant weapon
 D - a scroll of enchant armour
Potions
 g - a potion of berserk rage
 i - a potion of brilliance {unknown}
 k - 3 potions of curing
 o - a potion of invisibility
 q - a potion of flight
 u - a potion of resistance
 x - a potion of magic
 B - a potion of cancellation {unknown}
 F - 2 potions of lignification {unknown}


   Skills:
 + Level 6.4 Fighting
 + Level 8.5 Axes
 + Level 7.6 Armour
 - Level 2.0 Dodging
 + Level 9.2 Shields
 * Level 5.6 Invocations
 * Level 4.5 Evocations


You had 10 spell levels left.
You didn't know any spells.
Your spell library contained the following spells:

 Spells                   Type           Power      Damage    Failure   Level
 Sandblast                Erth           0%         2d4       100%        1
 Passwall                 Tmut/Erth      0%         N/A       100%        2
 Airstrike                Air            0%         N/A       100%        4
 Iskenderun's Battlesphe  Conj           0%         2d6       100%        5
 Lee's Rapid Deconstruct  Erth           0%         3d5*      100%        5
 Lightning Bolt           Conj/Air       0%         1d11      100%        5
 Iron Shot                Conj/Erth      0%         9d1       100%        6
 Summon Lightning Spire   Summ/Air       Unusable   N/A       N/A         4
 Spellforged Servitor     Conj/Summ      Unusable   N/A       N/A         7

Dungeon Overview and Level Annotations

Branches:
Dungeon (8/15)             Temple (1/1) D:4            Lair (1/6) D:8
Volcano (1/1)

Altars:
Elyvilon
Hepliaklqana
Makhleb
Nemelex Xobeh
Okawaru
Trog
Wu Jian
Xom
Yredelemnul
The Shining One

Shops:
D:2 (=   D:5 (   D:7 **


Innate Abilities, Weirdness & Mutations

You are immune to sickness and miasma.
Your stone body is resilient. (AC +8)
You are immune to poison.
You resist negative energy. (rN+)
You are resistant to electric shocks. (rElec)
You are resistant to unholy torment.
You are immune to petrification.


Message History

The world spins around you as you enter the gateway.
You enter a volcano!
Found a rocky tunnel leading out of this place.
There is a rock-blocked tunnel here.
You start resting.
HP restored.
You start waiting.
Done waiting.
You start waiting.
Done waiting.
A sun demon comes into view.
The sun demon shouts!
You block the sun demon's attack.
You hit the sun demon but do no damage. You block the sun demon's attack. x2
You closely miss the sun demon.
The sun demon hits you but does no damage.
You hit the sun demon.
The sun demon is lightly wounded.
You block the sun demon's attack.
You hit the sun demon but do no damage.
The sun demon is lightly wounded.
The sun demon hits you but does no damage.
You hit the sun demon but do no damage.
The sun demon is lightly wounded.
The sun demon barely misses you.
You completely miss the sun demon.
The sun demon is lightly wounded.
The sun demon hits you!
You are engulfed in flames!
The sun demon hits you.
You are engulfed in flames!
You are too injured to fight recklessly!
You are too injured to fight recklessly!
You closely miss the sun demon. The sun demon barely misses you.
You hit the sun demon but do no damage.
The sun demon hits you but does no damage.
The sun demon hits you!
* * * LOW HITPOINT WARNING * * *
You are engulfed in flames!
* * * LOW HITPOINT WARNING * * *
You feel better. The sun demon hits you!!
You die...

.........
#........
##.....#..
#.........
###......≈≈.
##.....#####.
#.....## #....3#
#....@# ##....#
# #....§#.#
#...§..§§
###.....#..§
###.....###...§
### ###.......#
...
##∩###..§.....##
..
#...##..§....##


You could see a sun demon.

Vanquished Creatures
  A centaur warrior (D:8)
  Pikel (D:3)
  A cyclops (D:8)
  3 komodo dragons
  A troll (D:7)
  2 hornets (D:8)
  Sigmund (D:2)
  A wyvern (D:8)
  3 yaks (D:8)
  A basilisk (D:8)
  A fire bat (Lair:1)
  A steam dragon (D:8)
  2 water moccasins
  2 ice beasts
  2 hornet zombies (D:7)
  A necrophage (D:7)
  2 ogres (D:5)
  2 centaurs
  A phantom (D:6)
  2 bullfrogs
  A gnoll sergeant (D:8)
  2 scorpions
  4 wights (D:8)
  A bullfrog zombie (D:6)
  2 gnoll shamans (D:6)
  A hound (D:5)
  2 jellies
  6 orc priests
  7 iguanas
  5 orc wizards
  A hound skeleton (D:4)
  19 gnolls
  11 adders
  A shadow imp (D:6)
  A white imp (D:7)
  An ufetubus (D:5)
  2 worms
  2 dart slugs
  7 orcs
  12 ball pythons
  7 bats
  4 endoplasms
  3 giant cockroaches
  7 goblins
  7 hobgoblins
  6 jackals
  3 quokkas
  9 frilled lizards
  6 kobolds
  12 rats
183 creatures vanquished.

Vanquished Creatures (others)
  An orc (D:6)
  2 plants
3 creatures vanquished.

Grand Total: 186 creatures vanquished

Notes
Turn   | Place    | Note
-------+----------+-------------------------------------------
     0 | D:1      | bande the Gargoyle Fighter began the quest for the Orb.
     0 | D:1      | Reached XP level 1. HP: 14/14 MP: 1/1
   238 | D:2      | Reached XP level 2. HP: 10/19 MP: 2/2
   459 | D:1      | Reached XP level 3. HP: 19/23 MP: 3/3
   717 | D:1      | Found a faded altar of an unknown god.
  1017 | D:1      | Reached XP level 4. HP: 29/29 MP: 4/4
  1540 | D:2      | Found Luot's Jewellery Emporium.
  1572 | D:2      | Found Plog's Antique Weapon Shoppe.
  1574 | D:2      | Noticed Sigmund
  1585 | D:2      | Killed Sigmund
  1586 | D:2      | Reached skill level 1 in Dodging
  1586 | D:2      | Reached skill level 4 in Shields
  1586 | D:2      | Reached XP level 5. HP: 28/33 MP: 5/5
  1586 | D:2      | Reached XP level 6. HP: 33/38 MP: 6/6
  3779 | D:4      | Noticed Pikel
  3813 | D:3      | Killed Pikel
  3814 | D:3      | Reached skill level 5 in Axes
  3814 | D:3      | Reached skill level 5 in Armour
  3814 | D:3      | Reached skill level 5 in Shields
  3814 | D:3      | Reached XP level 7. HP: 30/44 MP: 7/7
  4031 | D:4      | Reached XP level 8. HP: 46/48 MP: 8/8
  4065 | D:4      | Found a staircase to the Ecumenical Temple.
  4072 | Temple   | Entered the Ecumenical Temple
  4081 | Temple   | Became a worshipper of Warmaster Okawaru
  4553 | D:5      | Entered Level 5 of the Dungeon
  5090 | D:5      | Reached * piety under Okawaru
  5091 | D:5      | Reached skill level 5 in Fighting
  5169 | D:5      | Found Muerphius's Weapon Shoppe.
  5327 | D:5      | Reached skill level 1 in Invocations
  5676 | D:5      | Reached skill level 6 in Shields
  5676 | D:5      | Reached skill level 1 in Evocations
  5932 | D:6      | Reached XP level 9. HP: 51/54 MP: 10/10
  6694 | D:7      | Noticed a troll
  6713 | D:7      | Killed a troll
  6713 | D:7      | Reached ** piety under Okawaru
  6714 | D:7      | Reached skill level 7 in Shields
  6792 | D:7      | Found Noonabb's General Store.
  6795 | D:7      | Found Girof's Specific Store.
  7882 | D:8      | Reached *** piety under Okawaru
  7883 | D:8      | Reached XP level 10. HP: 52/60 MP: 11/13
  7962 | D:8      | Reached skill level 8 in Shields
  8173 | D:8      | Noticed a centaur warrior
  8189 | D:8      | Killed a centaur warrior
  8580 | D:8      | Noticed a cyclops
  8591 | D:8      | Killed a cyclops
  8885 | D:8      | Reached **** piety under Okawaru
  8886 | D:8      | Reached skill level 5 in Invocations
  9410 | D:8      | Received a gift from Okawaru
  9605 | D:8      | Reached skill level 9 in Shields
  9672 | D:8      | Found a staircase to the Lair.
 10163 | Lair:1   | Entered Level 1 of the Lair of Beasts
 10198 | Lair:1   | Reached XP level 11. HP: 50/66 MP: 15/15
 10249 | Lair:1   | Found a dark tunnel.
 10266 | Volcano  | Entered a volcano
 10607 | Volcano  | Noticed a sun demon
 10624 | Volcano  | Slain by a sun demon

Illustrated notes

Levels and vault maps discovered:
D:1:      dpeg_arrival_water_fire, layout_rooms,
          hellmonk_ecumenical_altar_zigzags
D:2:      layout_basic, serial_shops, nicolae_shop_stone,
          nicolae_shop_window_shopping, grunt_ministairs_1, uniq_sigmund
D:3:      layout_loops_corners
D:4:      layout_rooms, minmay_temple_entry_mini_moons, minmay_snake_closets,
          uniq_pikel
D:5:      layout_basic, serial_shops, nicolae_square_shop
D:6:      layout_rooms
D:7:      layout_basic, nicolae_specific_store, grunt_ministairs_4,
          grunt_decor_junction
D:8:      wad_crossroads, layout_loops_ring, erik_lair_dragon,
          serial_bayou_pond_d, grunt_decor_arrowhead, corner_web_ring,
          hangedman_decor_clover_reticule
Temple:   compressed_dpeg_triangle_lava_temple
Lair:1:   layout_gridlike, nicolae_volcano_entry_batcave, lemuel_fruit_fields,
          grunt_megastairs_5, lemuel_fruit_fields
Volcano:  hellmonk_smoking_crater

Skill      XL: |  1  2  3  4  5  6  7  8  9 10 |
---------------+-------------------------------+-----
Axes           | 2 3 5 6 7 8 |  8.5
Armour         | 4 5 6 7 |  7.6
Dodging        | 1 2 |  2.0
Shields        | 4 5 6 7 9 |  9.2
Fighting       | 4 5 6 |  6.4
Invocations    | 2 4 5 |  5.6
Evocations     | 1 3 4 |  4.5

Action                   |  1- 3 |  4- 6 |  7- 9 | 10-12 || total
-------------------------+-------+-------+-------+-------++-------
Melee: War axe           |    88 |    88 |       |       ||   176
       Hand axe          |       |    43 |   402 |   230 ||   675
  Use: Scroll            |     1 |     5 |    10 |     1 ||    17
       Potion            |     1 |     1 |       |     1 ||     3
Armor: Scale mail        |    65 |    69 |       |       ||   134
       Plate armour      |       |       |   201 |    87 ||   288
Dodge: Dodged            |    35 |    29 |    58 |    27 ||   149
Block: Kite shield       |    52 |    56 |   318 |   199 ||   625
       Reflection        |       |       |     5 |     4 ||     9

Table legend: (Time is in decaauts)
 A = Elapsed time spent in this place.
 B = Non-inter-level travel time spent in this place.
 C = Inter-level travel time spent in this place.
 D = Time resting spent in this place.
 E = Time spent auto-exploring this place.
 F = Levels seen in this place.
 G = Mean time per level.
                   A        B        C        D        E       F      G
               +--------+--------+--------+--------+--------+-----+--------+
         Total |  10822 |  10434 |    388 |   2831 |   5182 |  11 |  983.8 |
       Dungeon |  10343 |   9955 |    388 |   2509 |   5164 |   8 | 1292.9 |
        Temple |     18 |     18 |      0 |      0 |      0 |   1 |   18.0 |
          Lair |    102 |    102 |      0 |      0 |      0 |   1 |  102.0 |
       Volcano |    357 |    357 |      0 |    322 |     18 |   1 |  357.0 |
               +--------+--------+--------+--------+--------+-----+--------+

Top non-repeatable levels by time:
     D:8: 2402 daAuts
     D:3: 1685 daAuts
     D:2: 1236 daAuts
     D:7: 1155 daAuts
     D:1: 1085 daAuts
     D:6: 1025 daAuts
     D:5: 1024 daAuts
     D:4: 727 daAuts
 Volcano: 357 daAuts
  Lair:1: 102 daAuts
  Temple: 18 daAuts
